cohdb
Replays
Latest Replays
All Replays
Popular Replays
Top Player Replays
Match Explorer
How It Works
Community
CoH3 Stats
Reddit
Sign in to upload your games and track your stats! →
Sign in with Steam
Match 41229713
Unlisted
Match 41229713
Overview
Messages
Build Orders
End
Construct Infanterie Kompanie
MG 42 Machine Gun Team
Grenadier Squad
Selects Breakthrough Battlegroup
Selects Assault Grenadiers
GrW 34 Mortar Team
GrW 34 Mortar Team
MG 42 Bunker
Construct Panzergrenadier Kompanie
GrW 34 Mortar Team
MG 42 Machine Gun Team
Medical Station
Selects 2.5-tonne Cargo Truck
Support Elements
Nebelwerfer 42 Rocket Launcher Team
Pak 40 Anti-tank Gun Team
MG 42 Machine Gun Team
2.5-tonne Cargo Truck
Construct Panzer Kompanie
Panzergrenadier Squad
Selects Blitzkrieg
Panzer IV Medium Tank
2.5-tonne Cargo Truck
Side Skirts
Selects Blitzkrieg
MG 42 Bunker
MG 42 Bunker
Selects Blitzkrieg
Selects Tiger Heavy Tank
Tiger Heavy Tank
Construct Luftwaffe Kompanie
Selects Breakthrough
Pioneer Squad
Panzergrenadier Squad
Panzer IV Medium Tank
Breakthrough
Selects Incendiary Bombing Run
Tiger Heavy Tank
Pioneer Squad
Pioneer Squad
Flak 30 Anti-aircraft Gun Team
Panzergrenadier Squad
Incendiary Bombing Run
CaptainBuckMan
MeatMan
DecentDolphin
Skillman
Jd577
Spacemedic
0
0
Comments
sign in to comment!
No comments posted yet!